 Dungeon Crawl Stone Soup version 0.31.0-12-g77e489cdc1 (webtiles) character file.

Game seed: 13629954617668423359

38 spaghetti the Slasher (level 3, -6/29 HPs)
             Began as a Demonspawn Chaos Knight on Mar 7, 2024.
             Was a Plaything of Xom.
             Mangled by Sigmund
             ... wielding a +0 scythe
              (9 damage)
             ... on level 2 of the Dungeon.
             The game lasted 00:00:51 (1079 turns).

spaghetti the Slasher (Demonspawn Chaos Knight)     Turns: 1079, Time: 00:00:52

Health: -6/29      AC:  5    Str: 12    XL:     3   Next: 25%
Magic:  3/3        EV: 11    Int: 12    God:    Xom [..*...]
Gold:   28         SH:  0    Dex: 16    Spells: 2/2 levels left

rFire   . . .        a - +0 falchion (chaos)
rCold   . . .        (no shield)
rNeg    . . .        b - +2 leather armour
rPois   .            (helmet restricted)
rElec   .            (no cloak)
rCorr   .            (no gloves)
SInv    .            (no boots)
Will    .....        (no amulet)
Stlth   ++           (no ring)
HPRegen 0.24/turn    (no ring)
MPRegen 0.08/turn

%: no passive effects
@: no status effects
A: antennae 1, thin skeletal structure 1
a: Renounce Religion


You were on level 2 of the Dungeon.
You worshipped Xom.
You were a toy of Xom.
You visited 1 branch of the dungeon, and saw 2 of its levels.

You collected 28 gold pieces.

Inventory:

Hand Weapons
 a - a +0 falchion of chaos (weapon)
Armour
 b - a +2 leather armour (worn)
Scrolls
 c - a scroll of butterflies
 g - 2 scrolls of identify {unknown}
 j - a scroll of summoning {unknown}
Potions
 d - a potion of ambrosia {unknown}
 e - 2 potions of attraction {unknown}
 f - a potion of heal wounds {unknown}
 h - a potion of enlightenment {unknown}
 i - a potion of might {unknown}


   Skills:
 - Level 3.0 Fighting
 + Level 4.0 Long Blades
 - Level 1.7 Armour
 - Level 0.8 Dodging


You had 2 spell levels left.
You didn't know any spells.
Your spell library contained the following spells:

 Spells                   Type           Power      Damage    Failure   Level
 Jinxbite                 Hex            0%         N/A       54%         2
 Yara's Violent Unravell  Hex/Alch       0%         3d3       100%        5
 Enfeeble                 Hex            0%         N/A       100%        7


Dungeon Overview and Level Annotations

Branches:
Dungeon (2/15)

Altars:

Annotations:
D:2 Sigmund


Innate Abilities, Weirdness & Mutations

You have a pair of small antennae on your head.
You have a somewhat thin skeletal structure. (Dex +2, Stealth+)


Message History

You barely miss the bat. The bat misses you. The bat closely misses you.
Sigmund mumbles some strange words.
Sigmund flickers and vanishes!
Deactivating autopickup; reactivate with Ctrl-A.
You closely miss the bat. The bat closely misses you.
You hit the bat.
You kill the bat!
You hit the rat.
You kill the rat!
You hit the gnoll. Lightning courses through the gnoll!!
You kill the gnoll!
Something hits you.
The gnoll hits you from afar with a +0 halberd.
You have reached level 3!
Your experience leads to an increase in your attributes!
Increase (S)trength, (I)ntelligence, or (D)exterity?
You feel agile. x2; Your demonic ancestry asserts itself...
A pair of antennae grows on your head! The dart slug launches a dart at you.
The slug dart hits you but does no damage.
You see here 2 sedimented dark potions.
You swing at nothing.
You hit the dart slug but do no damage.
The dart slug is poisoned.
The gnoll misses you. The dart slug barely misses you.
You hit the dart slug.
The dart slug is almost dead.
You kill the dart slug!
The gnoll closely misses you.
Your Long Blades skill increases to level 4!
Something hits you. The gnoll barely misses you. The gnoll closely misses you.
You see here a dart slug corpse.
You closely miss the gnoll. The gnoll barely misses you. x2
Something hits you.
You emit a cloud of colourful smoke!
You hit the gnoll but do no damage. The gnoll barely misses you.
The gnoll hits you with a +0 halberd!
* * * LOW HITPOINT WARNING * * *
Something hits you!
You die...
Xom bursts into laughter!

* * , ***** ###***### ,
,,, * #..,,.... * * **#+
**** ####.##..... .>, ,,*
#.......##.# *..^ ,*
#.##.##.#...# *...., *
#.#...#...... .....
#...........
*.....{######.#....#...##
*.....gg@ยง....##.....#...
.....g#####......#.....#
.....,* ###.##...#....
*.... , #.#......... *...
* #.......#... .. ,,,*
#.#...#.##.# *#*****
#.##.##..... #.......##..
*###########


You could see 3 gnolls.

Vanquished Creatures
  A gnoll (D:2)
  2 dart slugs (D:2)
  4 endoplasms
  3 goblins
  A hobgoblin (D:1)
  2 quokkas (D:1)
  2 ball pythons
  2 bats
  2 frilled lizards
  3 kobolds (D:1)
  3 rats
25 creatures vanquished.

Notes
Turn   | Place    | Note
-------+----------+-------------------------------------------
     0 | D:1      | spaghetti the Demonspawn Chaos Knight began the quest for
                  | the Orb.
     0 | D:1      | Reached XP level 1. HP: 18/18 MP: 1/1
   174 | D:1      | Reached skill level 3 in Long Blades
   387 | D:1      | XOM: silly message
   404 | D:1      | Gained mutation: You have a somewhat thin skeletal
                  | structure. (Dex +2, Stealth+) [demonic ancestry]
   404 | D:1      | Reached XP level 2. HP: 24/24 MP: 2/2
   822 | D:1      | XOM: silly message
  1063 | D:2      | Noticed Sigmund
  1064 | D:2      | XOM: divination: magic mapping
  1073 | D:2      | Gained mutation: You have a pair of small antennae on your
                  | head. [demonic ancestry]
  1073 | D:2      | Reached XP level 3. HP: 21/29 MP: 3/3
  1077 | D:2      | Reached skill level 4 in Long Blades
  1078 | D:2      | XOM: smoke on damage
  1079 | D:2      | Mangled by Sigmund

Illustrated notes

Levels and vault maps discovered:
D:1:      mainiacjoe_arrival_oval_in_oval, layout_loops_corners
D:2:      layout_basic, hangedman_decor_clover_reticule, uniq_sigmund,
          uniq_robin

Skill      XL: |  1  2  3 |
---------------+----------+-----
Long Blades    | 3 4 |  4.0
Fighting       | |  3.0
Armour         | |  1.7
Dodging        | |  0.8

Action                     || total
---------------------------++-------
  Melee: Falchion          ||    60
   Stab: Sleeping          ||     2
 Armour: Leather armour    ||    25
  Dodge: Dodged            ||    34
